 Dungeon Crawl Stone Soup version 0.26-a0-597-gb535b0901c (webtiles) character file.

Game seed: 6994654016784444417

51 ANON1729 the Sneak (level 4, 0/40 HPs)
             Began as a Kobold Brigand on Aug 25, 2020.
             Succumbed to an adder's poison
             ... on level 2 of the Dungeon.
             The game lasted 00:01:35 (1420 turns).

ANON1729 the Sneak (Kobold Brigand)                 Turns: 1420, Time: 00:01:35

Health: 0/40       AC: 22    Str:  6 (8)  XL:     4   Next: 7%
Magic:  4/4        EV:  3    Int:  9 (12) God:
Gold:   30         SH:  0    Dex: 16 (17) Spells: 3/3 levels left

rFire    . . .     SeeInvis .   a - +3 dagger
rCold    . . .     Faith    .   (shield restricted)
rNeg     + + +     Spirit   .   (armour currently unavailable)
rPois    +         Reflect  .   (helmet currently unavailable)
rElec    .         Harm     .   (cloak currently unavailable)
rCorr    .         NoTele   +   (gloves currently unavailable)
MR       .....                  (boots currently unavailable)
Stlth    ++++......             (no amulet)
HPRegen  0.13/turn              h - ring of teleportation (curse)
MPRegen  0.09/turn              (no ring)

@: mighty, brilliant, lethally poisoned (0 -> -6), tree-form
A: small, nightstalker 3
a: no special abilities


You were on level 2 of the Dungeon.
You were a tree.
You visited 1 branch of the dungeon, and saw 2 of its levels.

You collected 30 gold pieces.

Inventory:

Hand Weapons
 a - a +3 dagger (weapon)
Missiles
 d - 8 poisoned darts (quivered)
 e - 2 curare-tipped darts
Armour
 b - a +0 robe
 c - a +0 cloak (melded)
 j - a +1 leather armour of fire resistance (melded)
Jewellery
 h - a cursed ring of teleportation (left branch)
 l - an uncursed amulet of reflection
Scrolls
 m - 2 scrolls of identify
Potions
 f - a potion of brilliance


   Skills:
 + Level 2.6 Fighting
 * Level 3.5 Short Blades
 + Level 2.6 Throwing
 + Level 2.0 Dodging
 * Level 6.0 Stealth


You had 3 spell levels left.
You didn't know any spells.
Your spell library was empty.

Dungeon Overview and Level Annotations

Branches:
Dungeon (2/15)

Altars:


Innate Abilities, Weirdness & Mutations

You are small and have problems with some larger weapons.
You are completely attuned to the shadows.


Message History

l - an uncursed amulet of reflection
* * * LOW HITPOINT WARNING * * *
You feel sick.
Okay, then.
As you read the scroll labeled JUEZAC AZIRORU, it crumbles to dust.
The air around you briefly surges with heat, but it dissipates.
It was a scroll of immolation.
As you read the scroll labeled TIZOAN KAZE, it crumbles to dust.
You feel a strange sense of stasis.
It was a scroll of teleportation.
* * * LOW HITPOINT WARNING * * *
You feel sick.
As you read the scroll labeled WEBINK GUIS, it crumbles to dust.
It is a scroll of enchant armour.
Your +0 leather armour of fire resistance glows green for a moment.
* * * LOW HITPOINT WARNING * * *
You feel sick.
As you read the scroll labeled XOCYRGH GOFUA, it crumbles to dust.
It is a scroll of enchant weapon.
Your +2 dagger glows red for a moment.
You die...

##≈≈§.... ###
##≈§......
..##########≈§.......
.........##≈§....)...
....######≈§....♣†#..
....# #§≈..........
....# ###§......?....
....# #.'............
.<..# #.'...(.#...#..
#.### #.'.........
....###.#≈......
....#.).#§≈....
....#...##≈≈§.


There were no monsters in sight!

Vanquished Creatures
  3 adders (D:2)
  An ooze (D:1)
  A dart slug (D:2)
  A giant cockroach (D:2)
  2 hobgoblins (D:2)
  2 kobolds
  A quokka (D:2)
  A bat (D:1)
  5 goblins
  2 rats
19 creatures vanquished.

Notes
Turn   | Place    | Note
-------+----------+-------------------------------------------
     0 | D:1      | ANON1729 the Kobold Brigand began the quest for the Orb.
     0 | D:1      | Reached XP level 1. HP: 12/12 MP: 1/1
   166 | D:1      | Reached XP level 2. HP: 12/18 MP: 2/2
   946 | D:2      | Reached XP level 3. HP: 22/22 MP: 3/3
  1412 | D:2      | Reached skill level 6 in Stealth
  1412 | D:2      | Reached XP level 4. HP: 8/27 MP: 4/4
  1416 | D:2      | HP: 2/40 [poisoned by an adder]
  1420 | D:2      | Succumbed to an adder's poison

Illustrated notes

Levels and vault maps discovered:
D:1:      dpeg_chamrin_arrival_tetris, layout_basic
D:2:      layout_basic, kennysheep_cluttered_room

Skill      XL: |  1  2  3 |
---------------+----------+-----
Short Blades   | 3 |  3.5
Dodging        | 2 |  2.0
Stealth        | 6 |  6.0
Fighting       | |  2.6
Throwing       | |  2.6

Action                   |  1- 3 |  4- 6 || total
-------------------------+-------+-------++-------
Melee: Dagger            |    65 |     2 ||    67
  Use: Potion            |     3 |     1 ||     4
       Scroll            |       |     5 ||     5
 Stab: Sleeping          |     9 |       ||     9
Armor: Robe              |     1 |       ||     1
       Leather armour    |     8 |       ||     8
       Skin              |     5 |       ||     5
Dodge: Dodged            |    34 |       ||    34

Table legend: (Time is in decaauts)
 A = Elapsed time spent in this place.
 B = Non-inter-level travel time spent in this place.
 C = Inter-level travel time spent in this place.
 D = Time resting spent in this place.
 E = Time spent auto-exploring this place.
 F = Levels seen in this place.
 G = Mean time per level.
                   A        B        C        D        E       F      G
               +--------+--------+--------+--------+--------+-----+--------+
         Total |   1409 |   1361 |     48 |    308 |    904 |   2 |  704.5 |
       Dungeon |   1409 |   1361 |     48 |    308 |    904 |   2 |  704.5 |
               +--------+--------+--------+--------+--------+-----+--------+

Top non-repeatable levels by time:
     D:1: 787 daAuts
     D:2: 621 daAuts
